 Dungeon Crawl Stone Soup version 0.29.1-1-gd02db69 (webtiles) character file.

Game seed: 17953406571831203264

32 Timinator the Insei (level 2, -3/23 HPs)
             Began as a Demigod Transmuter on Dec 19, 2022.
             Slain by Sigmund
             ... wielding a +0 scythe
              (7 damage)
             ... on level 2 of the Dungeon.
             The game lasted 00:04:32 (1389 turns).

Timinator the Insei (Demigod Transmuter)            Turns: 1389, Time: 00:04:33

Health: -3/23      AC:  2    Str: 11    XL:     2   Next: 96%
Magic:  6/7        EV: 12    Int: 15    God:
Gold:   62         SH:  0    Dex: 14    Spells: 3/4 levels left

rFire   . . .      SeeInvis .     - Unarmed
rCold   . . .      Faith    .   (no shield)
rNeg    . . .      Spirit   .   a - +0 robe
rPois   .          Reflect  .   (helmet currently unavailable)
rElec   .          Harm     .   (no cloak)
rCorr   .          Rampage  .   (no gloves)
Will    .....                   (boots currently unavailable)
Stlth   +.........              (no amulet)
HPRegen 0.07/turn               (no ring)
MPRegen 0.10/turn               (no ring)

@: appendages
A: horns 2, talons 2, high MP 1, forlorn, divine attributes
a: End Transformation


You were on level 2 of the Dungeon.
You had temporarily grown beastly horns and talons.
You visited 1 branch of the dungeon, and saw 2 of its levels.

You collected 62 gold pieces.

Inventory:

Armour
 a - a +0 robe (worn)
 h - +0 ice dragon scales
 m - a +0 ring mail
Jewellery
 g - the necklace of Bloodlust {*Rage Will++ Int-3 Slay+6}
   (You found it on level 2 of the Dungeon)

   [amulet of nothing]

   It extends the wearer's berserk rage when killing foes.
   Int:       It affects your intelligence (-3).
   Slay:      It affects your accuracy & damage with ranged weapons and melee
   (+6).
   *Rage:     It berserks you when you make melee attacks (+50% chance).
   Will:      It greatly increases your willpower.
Scrolls
 i - a scroll of amnesia {unknown}
 k - a scroll of enchant armour {unknown}
 l - a scroll of summoning {unknown}
Potions
 b - a potion of lignification
 c - a potion of cancellation {unknown}
 d - 2 potions of curing {unknown}
 e - a potion of berserk rage {unknown}
 f - a potion of mutation {unknown}
 j - a potion of heal wounds {unknown}
 n - a potion of might {unknown}


   Skills:
 * Level 1.1 Fighting
 * Level 0.8 Armour
 * Level 2.1 Dodging
 + Level 3.1 Unarmed Combat
 + Level 1.9 Spellcasting
 * Level 2.0 Transmutations


You had 3 spell levels left.
You knew the following spells:

 Your Spells              Type           Power      Damage    Failure   Level
a - Beastly Appendage     Tmut           14%        N/A       10%         1

Your spell library contained the following spells:

 Spells                   Type           Power      Damage    Failure   Level
 Wereblood                Tmut           7%         N/A       14%         2
 Spider Form              Tmut/Pois      4%         N/A       41%         3
 Ice Form                 Ice/Tmut       4%         N/A       82%         4


Dungeon Overview and Level Annotations

Branches:
Dungeon (2/15)

Annotations:
D:2 Sigmund


Innate Abilities, Weirdness & Mutations

You have temporarily grown beastly horns and talons.
You have an increased reservoir of magic. (+10% MP)
You shall have no god before yourself.
Your divine heritage dramatically boosts your attributes as you level up.


Message History

You see here 3 poisoned darts.
n - a golden potion A ball python comes into view.
Casting: Beastly Appendage (safe; 10% risk of failure)
Confirm with . or Enter, or press ? or * to list all spells.
You grow a pair of large bovine horns.
Your feet morph into talons.
The ball python hisses angrily.
You barely miss the rat. Your headbutt misses the rat.
The rat completely misses you.
You hit the rat.
You kill the rat!
You hit the ball python. You claw the ball python.
You kill the ball python!
Your transformation is almost over.
A rat comes into view.
Found a stone staircase leading down.
Sigmund shouts!
The rat closely misses you. The rat attacks as you move away!
The rat closely misses you.
Your horns disappear.
Your talons disappear.
You see here 2 gold pieces.
Sigmund casts a spell.
Sigmund flickers and vanishes!
Deactivating autopickup; reactivate with Ctrl-A.
Casting: Beastly Appendage (safe; 10% risk of failure)
Confirm with . or Enter, or press ? or * to list all spells.
You grow a pair of large bovine horns.
Your feet morph into talons.
The rat bites you.
You barely miss the rat. The rat bites you.
You hit the rat.
You kill the rat!
Something hits you.
You see here 2 gold pieces.
Found 11 gold pieces.
You hear some strange, mumbled words.
A puff of flame appears from out of thin air!
The puff of flame hits you!
* * * LOW HITPOINT WARNING * * *
You closely miss something. Your headbutt misses something. Something hits you!
You die...

...$ ...>. .......#
. ..... ......######
. #.....)..........#
# #.... ...........#
# #.... ......{...#
# #...# #.##...@$.#
# #...###.##......#
# #...............#
# #..#.............#
##..###............#
...# #............#
.######..........###
.....##..........#
####.............#


There were no monsters in sight!

Vanquished Creatures
  2 dart slugs
  3 bats (D:1)
  An endoplasm (D:2)
  3 goblins
  A hobgoblin (D:1)
  5 jackals
  2 ball pythons
  3 frilled lizards (D:1)
  3 kobolds
  5 rats
28 creatures vanquished.

Notes
Turn   | Place    | Note
-------+----------+-------------------------------------------
     0 | D:1      | Timinator the Demigod Transmuter began the quest for the
                  | Orb.
     0 | D:1      | Reached XP level 1. HP: 15/15 MP: 5/5
    27 | D:1      | You fall into a shaft and drop 1 floor!
    48 | D:2      | Noticed Sigmund
    72 | D:2      | Reached skill level 1 in Fighting
   282 | D:2      | Found the necklace of Bloodlust {*Rage Will++ Int-3 Slay+6}
   512 | D:1      | Reached XP level 2. HP: 23/23 MP: 5/7
   726 | D:1      | Reached skill level 3 in Unarmed Combat
  1389 | D:2      | Slain by Sigmund

Illustrated notes

Levels and vault maps discovered:
D:1:      spicycebolla_arrival_clurvy, layout_basic,
          hellmonk_ecumenical_altar_dog_temple, fountainhead
D:2:      layout_rooms, basic_altar, uniq_sigmund

Skill      XL: |  1  2 |
---------------+-------+-----
Fighting       | 1 |  1.1
Dodging        | 2 |  2.1
Transmutations | 2 |  2.0
Unarmed Combat | 3 |  3.1
Armour         | |  0.8
Spellcasting   | |  1.9

Action                   || total
-------------------------++-------
Melee: Unarmed           ||    61
       Kick              ||    18
       Headbutt          ||     4
       Punch             ||     1
 Cast: Beastly Appendage ||    14
 Stab: Sleeping          ||     1
Armor: Robe              ||    14
Dodge: Dodged            ||    38
